Map: Automaton LE

Players

Rupper

  • Race: Terran Terran
  • League: Silver
  • Spawn Location: 9:00

ZaZen - Winner!

  • Race: Terran Terran
  • League: Silver
  • Spawn Location: 3:00

VOD

Have the link to the VOD?

Description

Time

  • Played on: May 18, 2019, 2:51 p.m.
  • Length: 19:49
Show
View Real Time Build Order
Export as new Build Order

Rupper Terran 

Build Orders:  

Get SALT Encoding   

  12  0:01  SCV  
  13  0:14  SCV  
  13  0:20  Supply Depot  
  14  0:27  SCV  
  15  0:42  SCV  
  16  0:45  Barracks  
  16  0:54  SCV, Refinery  
  17  1:06  SCV  
  18  1:18  SCV  
  19  1:30  SCV  
  20  1:36  Marine  
  20  1:37  Supply Depot  
  21  1:42  SCV  
  22  1:53  Marine, Refinery  
  23  1:58  SCV  
  24  2:04  Factory  
  24  2:11  SCV  
  25  2:23  SCV  
  25  2:27  Command Center  
  26  2:36  Orbital Command  
  26  2:39  Marine  
  27  2:53  Factory Tech Lab  
  27  2:56  Marine  
  28  3:01  Supply Depot  
  28  3:13  Siege Tank  
  31  3:23  Supply Depot  
  31  3:26  Marine  
  32  3:31  SCV  
  33  3:54  Engineering Bay  
  33  3:59  Barracks  
  33  4:03  Starport  
  33  4:09  Marine  
  34  4:11  SCV  
  34  4:14  SCV  
  36  4:23  SCV  
  36  4:26  SCV  
  36  4:27  Marine  
  38  4:35  SCV  
  39  4:38  SCV, Bunker  
  39  4:39  Siege Tank  
  39  4:41  Starport Tech Lab  
  39  4:42  Terran Infantry Weapons Level 1  
  39  4:44  Marine  
  44  4:47  SCV  
  44  4:49  Missile Turret  
  44  4:50  SCV  
  46  4:54  Missile Turret  
  46  4:59  SCV  
  47  5:02  Marine  
  48  5:10  Barracks Reactor  
  48  5:16  Barracks  
  48  5:20  Marine  
  49  5:29  Missile Turret  
  49  5:32  Armory  
  49  5:34  Medivac  
  51  5:38  Marine  
  51  5:40  Orbital Command  
  51  5:42  SCV  
  53  5:50  Supply Depot  
  53  5:54  SCV  
  53  5:56  Marine  
  55  5:57  Starport  
  55  6:04  Medivac  
  55  6:05  Refinery  
  55  6:06  SCV  
  55  6:07  Refinery  
  55  6:08  SCV  
  59  6:13  Marine, Supply Depot  
  59  6:18  SCV, Barracks Tech Lab  
  61  6:19  Marine x2  
  61  6:20  SCV  
  64  6:27  Missile Turret  
  64  6:30  SCV  
  64  6:31  Marine  
  64  6:32  SCV  
  67  6:35  Starport Tech Lab  
  67  6:37  Marine x2  
  69  6:41  Terran Infantry Weapons Level 2  
  69  6:42  SCV  
  69  6:43  Terran Ship Weapons Level 1  
  69  6:44  SCV  
  71  6:49  Missile Turret, Marine  
  72  6:54  SCV  
  72  6:56  SCV  
  74  7:06  Banshee  
  77  7:09  Missile Turret  
  77  7:19  Supply Depot  
  77  7:40  Missile Turret, Banshee  
  77  7:42  Supply Depot  
  80  7:49  Banshee  
  83  7:59  Supply Depot  
  83  8:05  Thor  
  89  8:13  Supply Depot  
  89  8:15  Marine x4  
  89  8:19  Combat Shield  
  93  8:22  Supply Depot  
  93  8:23  Banshee  
  96  8:27  Supply Depot  
  96  8:32  Marine, Banshee  
  96  8:33  Marine x2  
  102  8:34  Marine  
  102  8:40  Terran Ship Weapons Level 2  
  103  8:45  Supply Depot  
  103  8:50  Marine x2, Supply Depot  
  103  8:51  Marine  
  103  8:52  Marine  
  107  9:03  Missile Turret  
  107  9:06  Banshee  
  107  9:08  Marine x3, Supply Depot  
  113  9:10  Marine  
  111  9:26  Marine  
  111  9:28  Marine  
  113  9:34  Cloaking Field  
  113  9:36  Banshee  
  116  9:38  Stimpack  
  107  9:49  Banshee  
  78  10:52  Marine  
  78  10:53  Marine x3  
  82  11:08  Missile Turret  
  82  11:10  Marine x2  
  82  11:11  Marine x2  
  86  11:16  Viking x2  
  90  11:20  Supply Depot  
  90  11:22  Terran Ship Weapons Level 3  
  90  11:24  Terran Infantry Weapons Level 3  
  90  11:28  Marine x3  
  90  11:29  Marine  
  87  11:42  Supply Depot  
  87  11:45  Viking  
  87  11:46  Viking, Marine x3  
  84  12:03  Thor  
  84  12:08  Supply Depot  
  88  12:15  Viking  
  88  12:16  Viking  
  89  12:36  Missile Turret  
  89  12:41  Marine x4  
  93  12:45  Viking x2, Thor  
  93  12:50  Missile Turret  
  103  12:58  Marine  
  103  12:59  Marine x3  
  103  13:03  Missile Turret  
  105  13:15  Viking x2  
  105  13:16  Marine x3  
  105  13:17  Marine  
  111  13:29  Missile Turret  
  111  13:30  Missile Turret  
  111  13:33  Supply Depot  
  111  13:34  Marine  
  112  13:45  Banshee x2  
  118  13:55  Siege Tank  
  121  13:59  Terran Vehicle Weapons Level 1  
  121  14:01  Terran Infantry Armor Level 1  
  121  14:16  Missile Turret  
  121  14:22  Bunker  
  121  14:37  Missile Turret  
  63  15:55  Hi-Sec Auto Tracking  
  60  16:41  Banshee x2  
  60  16:43  Marine x2  
  60  16:44  Marine x2  
  67  17:01  Marine x2  
  67  17:02  Marine x2  
  68  17:17  Orbital Command  
  68  17:19  Marine x4  
  72  17:23  Banshee  
  72  17:24  Banshee  
  47  17:59  Marine x3  
  47  18:00  Marine  
  42  18:06  Banshee x2  
  42  18:07  Command Center  
  48  18:17  Marine x4  
  46  18:31  Missile Turret  
  38  18:35  Marine x3  
  33  18:53  Marine  
Show
View Real Time Build Order
Export as new Build Order

ZaZen Terran - Winner!

Build Orders: Gas First Reaper Expand 

Get SALT Encoding   

  12  0:02  SCV  
  13  0:17  Supply Depot  
  13  0:18  SCV  
  14  0:31  SCV, Refinery  
  15  0:45  Barracks  
  15  0:46  SCV  
  16  1:01  SCV  
  16  1:04  Refinery  
  17  1:14  SCV  
  18  1:26  SCV  
  19  1:38  Reaper  
  20  1:46  Factory  
  20  1:47  Orbital Command  
  20  2:12  Command Center  
  20  2:15  Reaper  
  21  2:23  SCV  
  22  2:40  Supply Depot  
  22  2:41  SCV  
  23  3:01  SCV, Reaper, Hellion  
  27  3:09  Starport  
  27  3:14  SCV  
  28  3:20  Supply Depot  
  28  3:23  Hellion  
  28  3:24  Orbital Command  
  28  3:26  SCV  
  31  3:38  SCV  
  32  3:42  Barracks Reactor  
  32  3:44  Factory Tech Lab  
  32  3:54  SCV  
  33  4:00  Refinery  
  33  4:01  Starport Tech Lab  
  33  4:06  Cyclone  
  33  4:09  SCV  
  37  4:10  SCV  
  36  4:30  SCV x2  
  33  4:37  Raven  
  35  4:49  Refinery  
  35  4:50  Cyclone  
  38  4:53  SCV x2  
  40  5:04  Marine x2  
  42  5:08  Barracks  
  42  5:14  Barracks  
  42  5:18  Liberator  
  42  5:22  Siege Tank  
  42  5:25  Command Center  
  45  5:32  Stimpack, Marine  
  49  5:43  SCV x2  
  51  5:52  Marine  
  51  5:57  SCV x2  
  54  6:05  Viking, Supply Depot  
  54  6:09  SCV x2  
  54  6:10  Supply Depot, Marine  
  59  6:11  Supply Depot  
  59  6:17  Siege Tank  
  62  6:27  Marine  
  62  6:28  SCV x2  
  65  6:37  Orbital Command  
  65  6:41  Barracks Reactor  
  65  6:43  Barracks Reactor  
  62  6:55  SCV x2  
  62  6:57  Supply Depot  
  62  7:00  Supply Depot  
  64  7:03  Engineering Bay, Siege Tank  
  64  7:05  Viking x2  
  64  7:06  Marine  
  72  7:18  Marine x2  
  72  7:19  Marine x2  
  76  7:23  Marine  
  76  7:29  Engineering Bay  
  77  7:30  Terran Infantry Weapons Level 1  
  77  7:32  Combat Shield  
  77  7:37  Marine  
  77  7:38  Marine x3  
  77  7:41  Siege Tank, Marine  
  85  7:52  SCV x3  
  85  7:55  Marine  
  89  7:59  Marine x4  
  89  8:04  SCV x3  
  96  8:15  Terran Infantry Armor Level 1  
  96  8:16  Armory, SCV x3  
  96  8:19  Missile Turret  
  99  8:21  Missile Turret  
  99  8:24  Missile Turret  
  99  8:27  Refinery  
  99  8:28  SCV x2  
  99  8:30  Marine x3  
  104  8:36  Supply Depot  
  104  8:39  Supply Depot  
  104  8:41  SCV x3  
  106  8:42  Marine x2  
  108  9:09  Marine x3  
  109  9:10  Marine x2  
  109  9:11  Siege Tank  
  109  9:12  Viking x2  
  113  9:27  Marine  
  109  9:37  Marine  
  109  9:38  Marine x3  
  110  9:42  Viking x2  
  86  9:56  Marine x3  
  89  10:02  Terran Infantry Weapons Level 2  
  89  10:05  Terran Vehicle Weapons Level 1  
  89  10:07  Barracks  
  85  10:16  Marine  
  85  10:17  Marine x3  
  85  10:19  Siege Tank  
  84  10:35  Marauder, Marine  
  86  10:36  Marine x3  
  86  10:38  SCV  
  86  10:39  SCV x2  
  93  10:43  Refinery  
  93  10:45  Sensor Tower  
  90  10:51  SCV  
  90  10:53  Marine  
  90  10:56  Marauder  
  94  11:03  Viking x2  
  98  11:04  Siege Tank  
  98  11:05  Marine x3  
  98  11:09  Factory x2, Barracks Reactor  
  104  11:11  Marine  
  104  11:12  Factory  
  104  11:17  Marine  
  106  11:21  Supply Depot  
  106  11:22  Supply Depot  
  106  11:23  Marine x3  
  109  11:29  Marine  
  110  11:33  SCV x2  
  110  11:34  SCV  
  110  11:36  Viking  
  110  11:37  Viking  
  114  11:45  SCV  
  114  11:46  SCV  
  98  11:57  Marine  
  98  11:58  Marine x5  
  104  12:12  Starport  
  104  12:15  Starport x2  
  104  12:17  SCV x3, Command Center, Supply Depot  
  104  12:18  Supply Depot  
  107  12:29  SCV x2  
  107  12:30  SCV  
  107  12:41  SCV x2  
  107  12:42  SCV  
  110  12:50  Starport Reactor  
  110  12:51  Starport Reactor  
  110  12:53  Starport Reactor  
  110  12:55  Terran Infantry Weapons Level 3  
  110  12:56  Terran Infantry Armor Level 2  
  110  12:58  Raven  
  110  13:00  Marine x3  
  110  13:01  Marine x5  
  110  13:05  Factory Tech Lab x2  
  120  13:06  Factory Tech Lab  
  120  13:08  Siege Tank  
  123  13:18  Marine x2  
  123  13:26  Siege Tank  
  123  13:27  Siege Tank x2  
  132  13:30  Marine x6  
  138  13:35  Planetary Fortress  
  138  13:36  Marine x2  
  138  13:39  SCV x3, Refinery  
  138  13:41  Raven, Siege Tank  
  146  13:47  Marine x2  
  150  13:58  Marine x5  
  150  13:59  Hellion, Siege Tank x2  
  163  14:03  Viking  
  163  14:04  Viking x4  
  163  14:08  Supply Depot  
  173  14:13  Siege Tank  
  176  14:20  Siege Tank  
  179  14:29  Marine x3  
  179  14:30  Marine x5  
  179  14:31  Hellion x2  
  191  14:45  Hellion  
  193  14:47  Marine x2  
  161  15:39  Thor x4  
  161  15:40  Viking  
  161  15:41  Viking x6  
  161  15:42  Marine x2  
  196  15:43  Marine x2  
  182  16:10  Viking  
  178  16:12  Marine x2  
  178  16:13  Marine x6  
  183  16:21  Thor  
  182  16:30  Marine x3  
  175  16:37  Marine  
  175  16:38  Marine x4  
  175  16:48  Marine x2  
  175  17:09  Liberator x2  
  174  17:20  Marine x2  
  174  17:21  Marine x6  
  182  17:24  Siege Tank x3  
  182  17:25  Siege Tank  
  182  17:56  Siege Tank x2  
  184  18:17  SCV  
  184  18:18  SCV x2, Marine x2  
  184  18:19  Marine x4  
  193  18:22  Viking x2  
  193  18:23  Viking  
  194  18:30  SCV x2  
Tags
 
Add a new tag
Caveats
  • Supply blocks, unpowered buildings, or Contaminate may cause inaccurate times.
  • Supply counts are checked every 10 seconds.